 Dungeon Crawl Stone Soup version 0.21-a0-151-ga4fe563 (webtiles) character file.

137132 4thArraOfDagon the Brawler (level 16, -22/173 HPs)
             Began as a Troll Skald on July 29, 2017.
             Was a Priest of Elyvilon.
             Killed from afar by a deep elf knight (27 damage)
             ... with a shard of ice
             ... on level 3 of the Elven Halls on July 30, 2017.
             The game lasted 01:47:45 (20874 turns).

4thArraOfDagon the Brawler (Troll Skald)           Turns: 20874, Time: 01:47:46

Health: -22/173    AC:  6    Str: 34    XL:     16   Next: 68%
Magic:  13/27      EV: 14    Int: 16    God:    Elyvilon [***...]
Gold:   2370       SH:  0    Dex: 11    Spells: 29/32 levels left

rFire    + . .     SeeInvis +     - Unarmed
rCold    . . .     Gourm    +   (no shield)
rNeg     . . .     Faith    .   k - +2 robe {rF+}
rPois    +         Spirit   .   n - +0 mask of the Dragon {MR+ Slay+3 SInv}
rElec    .         Reflect  .   w - scarf {cloud immunity}
rCorr    .         Harm     .   (gloves unavailable)
MR       +++..                  (boots unavailable)
Stlth    +.........             (no amulet)
HPRegen  0.78/turn              p - ring of poison resistance
MPRegen  0.20/turn              J - +4 ring of strength

@: mighty, marked, drained
A: unfitting armour, claws 3, agile 1, clever 1, deformed body, fast metabolism
3, gourmand, magic resistance 1, regeneration 1, robust 1, shaggy fur 1, strong
1, tough skin 2
a: Lesser Healing, Heal Other, Purification, Divine Protection, Renounce
Religion


You were on level 3 of the Elven Halls.
You worshipped Elyvilon.
Elyvilon was most pleased with you.
You were not hungry.

You visited 5 branches of the dungeon, and saw 27 of its levels.
You also visited: Ice Cave.

You collected 2434 gold pieces.
You spent 64 gold pieces at shops.

Inventory:

Hand Weapons
 h - a +0 blowgun
 r - the +10 short sword of Power {flame, rC++}
   (You found it on level 6 of the Dungeon)

   It has been specially enchanted to burn those struck by it, causing extra
   injury to most foes and up to half again as much damage against particularly
   susceptible opponents.
   It greatly protects you from cold.
 E - the +8 long sword of Untimely Demise {flame, *Slow +Rage rElec Str+5}
   (You found it on level 7 of the Dungeon)

   It has been specially enchanted to burn those struck by it, causing extra
   injury to most foes and up to half again as much damage against particularly
   susceptible opponents.
   Big, fiery blades are also staple armaments of hydra-hunters.
   It affects your strength (+5).
   It insulates you from electricity.
   It lets you go berserk.
   It may slow you when you take damage.
 S - a +0 giant spiked club
Missiles
 a - a throwing net (quivered)
 o - 12 curare-tipped needles
 N - 3 large rocks
Armour
 k - a +2 robe of fire resistance (worn)
 n - the +0 mask of the Dragon (worn) {MR+ Slay+3 SInv}
   (You found it on level 6 of the Lair of Beasts)

   It affects your accuracy and damage with ranged weapons and melee attacks
   (+3).
   It affects your resistance to hostile enchantments.
   It lets you see invisible.
 w - a scarf of cloud immunity (worn)
 W - a +2 robe of fire resistance
 X - a +0 robe of cold resistance
Jewellery
 p - a ring of poison resistance (left claw)
 u - the amulet "Javahunaip" {Inacc rElec rN+}
   (You found it on level 6 of the Lair of Beasts)

   [amulet of inaccuracy]

   It reduces the accuracy of all your attacks.
   It insulates you from electricity.
   It protects you from negative energy.
 z - a +2 ring of intelligence
 J - a +4 ring of strength (right claw)
 L - an uncursed ring of protection from fire
 T - an uncursed ring of flight
Wands
 b - a wand of iceblast (9/15)
 B - a wand of disintegration (1/24)
 C - a wand of lightning (0/15)
 K - a wand of polymorph (12/24)
 P - a wand of polymorph (3/24)
 R - a wand of iceblast (4/15)
 V - a wand of acid (7/15)
 Y - a wand of flame (30/48)
Scrolls
 m - 2 scrolls of vulnerability
 t - 6 scrolls of remove curse
 v - 5 scrolls of amnesia
 x - 4 scrolls of teleportation
 y - 2 scrolls of immolation
 G - 2 scrolls of fog
 M - a scroll of brand weapon
 O - 2 scrolls of recharging
 U - a scroll of enchant armour
Potions
 d - 2 potions of magic
 f - 9 potions of mutation
 i - 5 potions of flight
 j - a potion of berserk rage
 l - 5 potions of brilliance
 s - 2 potions of ambrosia
 A - a potion of invisibility
 H - 12 potions of curing
 I - a potion of resistance
 Z - a potion of haste
Miscellaneous
 Q - a fan of gales
Comestibles
 c - 8 bread rations
 g - 11 meat rations


   Skills:
 - Level 10.1(10.0) Fighting
 - Level 10.1 Dodging
 - Level 19.0(18.9) Unarmed Combat
 + Level 8.5 Spellcasting
 - Level 2.0(1.9) Charms
 - Level 10.0(9.9) Invocations


You had 29 spell levels left.
You knew the following spells:

 Your Spells              Type           Power        Failure   Level  Hunger
a - Regeneration          Chrm/Necr      #.........   22%         3    #......


Dungeon Overview and Level Annotations

Branches:
Dungeon (15/15)            Temple (0/1) D:4            Lair (6/6) D:11
  Swamp (0/4) Lair:2       Spider (1/4) Lair:3        Slime (0/5) Lair:5
    Orc (2/2) D:9             Elf (3/3) Orc:2
 Vaults: D:13-14     Depths: D:15

Altars:
Ashenzari
Cheibriados
Elyvilon
Fedhas
Gozag
Makhleb
Qazlal
Trog
Xom
Zin

Shops:
D:13 [   D:14 !   Orc:2 ((=(   Elf:1 ?:[

Annotations:
D:12 Urug
Lair:5 exclusion: 2 oklob plants


Innate Abilities, Weirdness & Mutations

You are too large for most types of armour.
You have claws for hands.
Your metabolism is lightning-fast.
You like to eat raw meat.
Your natural rate of healing is unusually fast.
You are covered in fur. (AC +1)
You have very tough skin. (AC +2)
You are agile. (Dex +2)
Your mind is acute. (Int +2)
Armour fits poorly on your strangely shaped body.
You are resistant to hostile enchantments. (MR+)
You are robust. (+10% HP)
Your muscles are strong. (Str +2)


Message History

The deep elf knight is almost dead.
You hear rumbling.
The deep elf knight closely misses you.
You hear rumbling.
The deep elf mage gestures at you while chanting.
The bolt of cold hits you!
* * * LOW HITPOINT WARNING * * *
The earth elemental completely misses you.
You hear rumbling.
Unknown command.
Unknown command.
Okay, then.
Unknown command.
Unknown command.
Unknown command.
You miss the deep elf knight.
The deep elf knight is almost dead.
The deep elf knight casts a spell at you.
The shard of ice hits you!
You die...

.............#.....#...≈≈#..#,,,*
#...♣..♣.<(♣.'..♣.♣#...≈≈#..#,,,*
+........(...#.....#...≈≈#.e#...*
#........)...##.♣.##...≈≈#..+...*
#######..♣..##*####....≈≈#..#..,*
####......##### #.....≈≈#..#..,*
##........##...# ##....≈≈#..#e###
.'(..♣...##....####.....e'..#...#
.#......##.....e@##....E)'((#...#
....)..##......E(##......'..'...#
.#...###....⌠...ee(.e..≈≈#..#...#
.#######........)##....≈≈#..#...#
....'..'.........##....≈≈#..#...#
..).######.....####....≈≈#..#...#
...## #.....# #....≈≈#..#...#
..#'## ###'### #....≈≈#..#...#
)###.## #.# *#.(..≈≈#..###'#


You could see a deep elf archer, a deep elf knight (invisible), an earth
elemental and a deep elf mage.

Vanquished Creatures
  Nikola (Elf:1)
  Gastronok (Lair:1)
  A frost giant (IceCv)
  An orc warlord (Orc:2)
  A deep elf death mage (Elf:3)
  An ettin (Orc:1)
  A catoblepas (Lair:5)
  22 two-headed ogres
  5 ogre magi (Orc:2)
  A tengu warrior (D:14)
  12 dancing weapons
  4 death yaks (Lair:5)
  Nergalle (Lair:1)
  9 deep elf knights
  3 unseen horrors
  8 deep elf archers
  2 wizards
  Pikel (D:5)
  2 orc knights
  9 ugly things
  2 orc sorcerers (Orc:2)
  A wolf spider (shapeshifter) (Elf:1)
  44 deep elf magi
  8 elephants
  A manticore (D:12)
  A cyclops (Orc:1)
  4 black mambas
  A torpor snail (Lair:5)
  2 centaur skeletons (D:14)
  4 komodo dragons
  An ice statue (IceCv)
  25 spiny frogs
  2 rime drakes
  A yaktaur (D:12)
  An efreet (D:13)
  2 kobold demonologists
  16 polar bears
  A meliai (Orc:2)
  A tyrant leech (Lair:6)
  A tengu conjurer (D:14)
  6 trolls
  A jumping spider (Lair:3)
  Grinder (D:5)
  6 dream sheep (Lair:6)
  27 blink frogs
  A centaur simulacrum (D:14)
  10 hippogriffs
  5 air elementals
  A spriggan (Lair:3)
  4 wraiths
  A tarantella (Lair:3)
  4 wyverns
  A shadow (D:14)
  A redback (Lair:3)
  2 water elementals
  61 yaks
  13 humans
  5 fire elementals
  6 vampire mosquitoes
  A hungry ghost (D:12)
  5 basilisks
  2 wargs (Orc:2)
  14 water moccasins
  5 porcupines
  10 ice beasts
  26 orc warriors
  3 black bears
  2 slaves (D:5)
  A sky beast (D:5)
  A phantom (D:9)
  39 ogres
  21 wolves
  13 centaurs
  8 crocodiles
  5 big kobolds
  5 earth elementals
  22 bullfrogs
  2 gnoll sergeants
  A wyvern zombie (D:10)
  5 scorpions
  10 killer bees
  11 wights
  2 vampire bats (D:4)
  3 howler monkeys
  7 crimson imps
  2 jellies
  4 hounds
  3 bullfrog skeletons
  9 orc priests
  17 orc wizards
  3 iguanas
  13 worker ants
  A hound zombie (D:5)
  2 hound skeletons
  11 adders
  18 gnolls
  A shadow imp (D:12)
  A worm (D:2)
  2 dart slugs (D:1)
  4 leopard geckos
  66 orcs
  10 bats
  3 giant cockroaches
  7 goblins
  2 hobgoblins (D:1)
  4 jackals (D:10)
  19 kobolds
  5 quokkas
  2 frilled lizards
  A leopard gecko skeleton (D:4)
  A quokka zombie (D:5)
  8 rats
804 creatures vanquished.

Vanquished Creatures (others)
  A deep elf knight (Elf:3)
  A deep elf mage (Elf:1)
  A spiny frog (Lair:6)
  A hippogriff (Lair:3)
  2 yaks (Lair:5)
  A killer bee (D:11)
  30 fungi
  32 plants (Lair:6)
69 creatures vanquished.

Grand Total: 873 creatures vanquished

Notes
Turn   | Place    | Note
-------+----------+-------------------------------------------
     0 | D:1      | 4thArraOfDagon the Troll Skald began the quest for the Orb.
     0 | D:1      | Reached XP level 1. HP: 19/19 MP: 1/1
   124 | D:1      | Reached XP level 2. HP: 27/28 MP: 2/2
   332 | D:2      | Reached skill level 3 in Unarmed Combat
   332 | D:2      | Reached XP level 3. HP: 21/35 MP: 3/3
   341 | D:2      | Found a burning altar of Makhleb.
   343 | D:2      | Found a shimmering altar of Xom.
   858 | D:4      | Reached skill level 4 in Unarmed Combat
   858 | D:4      | Reached XP level 4. HP: 40/42 MP: 4/4
   894 | D:4      | Reached skill level 5 in Unarmed Combat
   894 | D:4      | Reached XP level 5. HP: 49/49 MP: 5/5
   929 | D:5      | Entered Level 5 of the Dungeon
   940 | D:5      | Found a bloodstained altar of Trog.
   952 | D:5      | Reached skill level 6 in Unarmed Combat
   952 | D:5      | Reached XP level 6. HP: 52/57 MP: 6/6
  1007 | D:5      | Noticed a slave
  1009 | D:5      | Noticed a slave
  1010 | D:5      | Noticed Pikel
  1022 | D:5      | Killed a slave
  1043 | D:6      | Learned a level 3 spell: Regeneration
  1050 | D:6      | Found a snail-covered altar of Cheibriados.
  1059 | D:6      | Found an opulent altar of Gozag.
  1059 | D:6      | Found a white marble altar of Elyvilon.
  1059 | D:6      | Found a glowing silver altar of Zin.
  1060 | D:6      | Found a blossoming altar of Fedhas.
  1063 | D:6      | Found a shattered altar of Ashenzari.
  1068 | D:6      | Became a worshipper of Elyvilon the Healer
  1079 | D:6      | Got a crystal short sword
  1131 | D:5      | Killed a slave
  1157 | D:5      | Noticed a slave
  1158 | D:5      | Noticed a slave
  1187 | D:5      | Killed Pikel
  1187 | D:5      | Reached skill level 8 in Unarmed Combat
  1187 | D:5      | Reached XP level 7. HP: 28/65 MP: 7/7
  1306 | D:5      | Reached skill level 1 in Invocations
  1334 | D:5      | Reached skill level 9 in Unarmed Combat
  1338 | D:5      | Gained mutation: You are clumsy. (Dex -2) [mutagenic meat]
  1339 | D:5      | Gained mutation: Your body sometimes deteriorates upon taking damage. [mutagenic meat]
  1340 | D:5      | Lost mutation: You are clumsy. (Dex -2) [mutagenic meat]
  1341 | D:5      | Gained mutation: Armour fits poorly on your strangely shaped body. [mutagenic meat]
  1343 | D:5      | Gained mutation: You are somewhat resistant to further mutation. [mutagenic meat]
  1369 | D:5      | Lost mutation: Armour fits poorly on your strangely shaped body. [potion of mutation]
  1369 | D:5      | Lost mutation: Your body sometimes deteriorates upon taking damage. [potion of mutation]
  1369 | D:5      | Lost mutation: You are somewhat resistant to further mutation. [potion of mutation]
  1369 | D:5      | Gained mutation: Your mind is acute. (Int +2) [potion of mutation]
  1369 | D:5      | Gained mutation: Armour fits poorly on your strangely shaped body. [potion of mutation]
  1369 | D:5      | Gained mutation: You are agile. (Dex +2) [potion of mutation]
  1483 | D:5      | Reached XP level 8. HP: 72/72 MP: 8/8
  1493 | D:5      | Noticed Grinder
  1502 | D:5      | Killed Grinder
  2010 | D:4      | Found a staircase to the Ecumenical Temple.
  2175 | D:6      | Reached * piety under Elyvilon
  2199 | D:6      | Found a bloodstained altar of Trog.
  2361 | D:7      | Reached skill level 10 in Unarmed Combat
  2492 | D:7      | Reached XP level 9. HP: 57/80 MP: 10/10
  2729 | D:7      | Got an ancient long sword
  2842 | D:8      | Reached ** piety under Elyvilon
  3321 | D:9      | Found a stormy altar of Qazlal.
  3419 | D:9      | Reached *** piety under Elyvilon
  3574 | D:9      | Reached skill level 11 in Unarmed Combat
  3671 | D:9      | Found a staircase to the Orcish Mines.
  3784 | D:9      | Noticed a two-headed ogre
  3790 | D:9      | Killed a two-headed ogre
  3790 | D:9      | Reached XP level 10. HP: 94/94 MP: 12/12
  3827 | D:10     | Entered Level 10 of the Dungeon
  3876 | D:10     | Reached skill level 5 in Invocations
  4114 | D:11     | Found a staircase to the Lair.
  4153 | D:11     | Reached **** piety under Elyvilon
  4205 | D:11     | Killed an unseen horror
  4400 | D:11     | Noticed a two-headed ogre
  4669 | D:11     | Reached skill level 12 in Unarmed Combat
  4691 | D:11     | Reached skill level 5 in Fighting
  4691 | D:11     | Reached skill level 5 in Dodging
  4809 | D:12     | Noticed a red ugly thing
  4822 | D:12     | Killed a red ugly thing
  4825 | D:12     | Gained mutation: Your muscles are strong. (Str +2) [mutagenic meat]
  4826 | D:12     | Gained mutation: You are resistant to hostile enchantments. (MR+) [mutagenic meat]
  4827 | D:12     | Gained mutation: You are robust. (+10% HP) [mutagenic meat]
  5158 | D:10     | Noticed a deep elf mage
  5166 | D:10     | HP: 2/105 [deep elf mage/bolt of cold (29)]
  5167 | D:10     | Elyvilon protects you from harm!
  5170 | D:10     | Elyvilon protects you from harm!
  5172 | D:10     | Killed a deep elf mage
  5172 | D:10     | Was placed under penance by Elyvilon
  5172 | D:10     | Reached XP level 11. HP: 10/114 MP: 14/14
  5629 | Orc:1    | Entered Level 1 of the Orcish Mines
  5678 | Orc:2    | Entered Level 2 of the Orcish Mines
  5681 | Orc:2    | Noticed a two-headed ogre
  5682 | Orc:2    | Noticed an ogre mage
  5798 | D:9      | Killed a two-headed ogre
  5910 | D:11     | Noticed a seven-headed hydra
  6092 | D:12     | Noticed a two-headed ogre
  6102 | D:12     | Killed a two-headed ogre
  6102 | D:12     | Reached skill level 13 in Unarmed Combat
  6178 | D:12     | Noticed Nessos
  6181 | D:12     | Noticed Nessos
  6181 | D:12     | Nessos changed into Nessos the yaktaur
  6185 | D:12     | Killed Nessos the yaktaur
  6407 | D:12     | Noticed Urug
  6417 | D:12     | Noticed a deep elf mage
  6439 | D:12     | Killed a deep elf mage
  6461 | D:12     | Was forgiven by Elyvilon
  6637 | D:13     | Noticed a soul eater
  6840 | D:15     | Entered Level 15 of the Dungeon
  6880 | D:14     | Reached ***** piety under Elyvilon
  6880 | D:14     | Found Vyac's Distillery.
  6919 | D:15     | Noticed a two-headed ogre
  6936 | D:15     | Killed a two-headed ogre
  6950 | D:15     | Noticed a purple ugly thing
  6951 | D:15     | Noticed a purple ugly thing
  6957 | D:15     | Noticed a purple ugly thing
  6970 | D:15     | Killed a purple ugly thing
  7002 | D:15     | Noticed a purple ugly thing
  7003 | D:15     | Noticed a purple ugly thing
  7003 | D:15     | Noticed a purple ugly thing
  7055 | D:15     | Killed a purple ugly thing
  7055 | D:15     | Reached XP level 12. HP: 90/126 MP: 16/16
  7170 | D:15     | Reached skill level 14 in Unarmed Combat
  7173 | D:15     | Upgraded the game from 0.21-a0-150-gc243083 to 0.21-a0-151-ga4fe563
  7498 | D:14     | Noticed a tengu warrior
  7521 | D:14     | Killed a tengu warrior
  8046 | D:14     | Noticed a vault guard
  8065 | D:14     | Noticed a vault guard
  8089 | D:14     | Noticed a catoblepas
  8133 | D:13     | Noticed a two-headed ogre
  8142 | D:13     | Killed a two-headed ogre
  8366 | D:13     | Found Hunigoj's Armour Emporium.
  8394 | D:13     | Reached skill level 15 in Unarmed Combat
  8471 | D:13     | Noticed a five-headed hydra
  8546 | D:12     | Reached XP level 13. HP: 139/139 MP: 18/18
  8704 | Lair:1   | Entered Level 1 of the Lair of Beasts
  8723 | Lair:1   | Noticed Nergalle
  8733 | Lair:1   | Killed Nergalle
  8909 | Lair:1   | Noticed Gastronok
  8930 | Lair:1   | Killed Gastronok
  9483 | Lair:2   | Found a staircase to the Swamp.
  9684 | Lair:3   | Found a frozen archway.
  9746 | IceCv    | Entered an ice cave
 10348 | IceCv    | Noticed a frost giant
 10378 | IceCv    | Killed a frost giant
 10378 | IceCv    | Reached skill level 16 in Unarmed Combat
 10457 | IceCv    | HP: 6/140 [polar bear (26)]
 10577 | IceCv    | Got a fine great mace
 10586 | IceCv    | Identified the cursed +1 great mace of Internal Strife {protect, rF+} (You found it in an ice cave)
 10594 | IceCv    | Got a transparent glaive
 10595 | IceCv    | Identified the +4 glaive of Valour {flame, +Inv} (You found it in an ice cave)
 10714 | Lair:3   | Found a hole to the Spider Nest.
 10782 | Lair:2   | Identified the +8 long sword of Untimely Demise {flame, *Slow +Rage rElec Str+5} (You found it on level 7 of the Dungeon)
 10783 | Lair:2   | Identified the +10 short sword of Power {flame, rC++} (You found it on level 6 of the Dungeon)
 11318 | Lair:4   | Reached XP level 14. HP: 134/150 MP: 20/20
 11498 | Lair:4   | Reached skill level 10 in Invocations
 12126 | Lair:5   | Found a staircase to the Slime Pits.
 12306 | Lair:6   | Entered Level 6 of the Lair of Beasts
 12861 | Lair:5   | Reached skill level 17 in Unarmed Combat
 13670 | Lair:6   | Reached skill level 10 in Dodging
 13676 | Lair:6   | Reached skill level 10 in Fighting
 14134 | Lair:6   | Reached XP level 15. HP: 96/163 MP: 21/21
 14381 | Lair:6   | Got an ancient iron amulet
 14384 | Lair:6   | Identified the amulet "Javahunaip" {Inacc rElec rN+} (You found it on level 6 of the Lair of Beasts)
 14856 | Orc:1    | Reached skill level 18 in Unarmed Combat
 15460 | Orc:2    | Noticed Sonja
 15466 | Orc:2    | Noticed Sonja
 15466 | Orc:2    | Sonja changed into Sonja the meliai
 15470 | Orc:2    | Killed Sonja the meliai
 15693 | Orc:2    | Noticed an orc warlord
 16170 | Orc:2    | Found Uvey's Antique Weapon Boutique.
 16170 | Orc:2    | Found Zeupnim's Weapon Emporium.
 16171 | Orc:2    | Found Xaymaughet's Antique Weapon Shoppe.
 16171 | Orc:2    | Found Womitt's Jewellery Boutique.
 16367 | Orc:2    | Killed an orc warlord
 16562 | Orc:2    | Found a staircase to the Elven Halls.
 16573 | Orc:2    | Reached skill level 19 in Unarmed Combat
 16625 | Elf:1    | Entered Level 1 of the Elven Halls
 16625 | Elf:1    | Found Kemaonwy's Magic Scroll Shoppe.
 17099 | Spider:1 | Entered Level 1 of the Spider Nest
 17372 | Orc:2    | HP: 3/163 [war axe of chopping (21)]
 17373 | Orc:2    | Elyvilon protects you from harm!
 17373 | Orc:2    | Elyvilon protects you from harm!
 17373 | Orc:2    | Elyvilon protects you from harm!
 17373 | Orc:2    | Elyvilon protects you from harm!
 17374 | Orc:2    | Elyvilon protects you from harm!
 17374 | Orc:2    | Elyvilon protects you from harm!
 17374 | Orc:2    | Elyvilon protects you from harm!
 17374 | Orc:2    | Elyvilon protects you from harm!
 18569 | Orc:2    | Reached skill level 5 in Spellcasting
 18658 | Elf:1    | Bought 2 scrolls of fog for 64 gold pieces
 18750 | Elf:1    | Reached XP level 16. HP: 161/173 MP: 22/22
 18789 | Elf:1    | Noticed Nikola
 18806 | Elf:1    | Killed Nikola
 18998 | Elf:1    | Found Juicw's Book Shoppe.
 19158 | Elf:1    | Found Duta's Antique Armour Emporium.
 19604 | Elf:3    | Entered Level 3 of the Elven Halls
 20857 | Elf:3    | HP: 6/173 [deep elf knight/shard of ice (27)]
 20866 | Elf:3    | Elyvilon protects you from harm!
 20873 | Elf:3    | HP: 5/173 [deep elf mage/bolt of cold (24)]
 20874 | Elf:3    | Killed from afar by a deep elf knight

Vault maps used:
D:1:      co_arrival_square_in_a_square_in_a_square, minmay_tetromino_t2
D:2:      grunt_temple_overflow_open, lemuel_coloured_pillars_altar
D:3:      first_bread, kennysheep_generic_room_12
D:4:      minmay_temple_entry_overgrown, minmay_guarded_unrand_vampires_tooth
D:5:      basic_altar, uniq_pikel, uniq_grinder
D:6:      lemuel_doored_altar, minitemple
D:7:      the_bakery, uniq_joseph
D:9:      david_orc_2, basic_altar
D:10:     st_stairs_7
D:11:     lair_entry_dummy
D:12:     roderic_roman_lattice, uniq_urug, uniq_nessos, uniq_josephine,
          uniq_rupert
D:13:     serial_shops, nicolae_shop_statue_plus
D:14:     grunt_vaults_entry_tiered, serial_shops, shop, tgw_sif,
          grunt_ministairs_12
D:15:     hangedman_depths_entry_try_elsewhere_first, lemuel_oklob_altar,
          uniq_roxanne
Lair:1:   uniq_nergalle, uniq_gastronok
Lair:2:   swamp_mist
Lair:3:   spider_nest_entry_rubble, portal_ice_cave_entry_ice_beasts,
          st_stairs_3, grunt_forest_stairs_clearing, infiniplex_staircase_pool
Lair:5:   minmay_slime_entry_oklob_open
Lair:6:   minmay_lair_end_frog_pond
Spider:1: spider_trap, uniq_louise
Orc:1:    mines2_lemuel
Orc:2:    st_orc_ogre_mass, uniq_sonja
Elf:1:    minmay_elf_arrival_plus, serial_shops, shop, shop, nicolae_shop_trees,
          hangedman_elven_crosses_minicolossus, columned_hall_lemuel,
          grunt_ministairs_6, evilmike_ambush, uniq_nikola
Elf:2:    portal_desolation_entry_holy_temple, fountainhead
Elf:3:    grunt_elf_hall_asides, grunt_megastairs_3
IceCv:    ice_cave_small_giant

Skill      XL: |  1  2  3  4  5  6  7  8  9 10 11 12 13 14 15 16 |
---------------+-------------------------------------------------+-----
Dodging        | 2 3 4 5 6 7 8 10 | 10.1
Fighting       | 2 4 5 6 7 8 10 | 10.1
Unarmed Combat | 3 4 5 6 8 9 10 11 12 13 15 16 17 19 | 19.0
Invocations    | 1 3 4 6 7 8 9 10 | 10.0
Spellcasting   | 5 8 |  8.5
Charms         | |  2.0

Action                   |  1- 3 |  4- 6 |  7- 9 | 10-12 | 13-15 | 16-18 || total
-------------------------+-------+-------+-------+-------+-------+-------++-------
Melee: Unarmed           |   111 |    69 |   301 |   616 |  1345 |   248 ||  2690
       Punch             |       |     2 |     7 |    47 |   128 |    25 ||   209
       Giant club        |       |       |       |     7 |       |       ||     7
       Giant spiked club |       |       |       |       |    17 |       ||    17
Throw: Large rock        |       |       |       |    12 |     2 |       ||    14
       Throwing net      |       |       |       |       |     1 |       ||     1
Invok: Lesser Healing    |       |       |       |     5 |     6 |       ||    11
       Divine Protection |       |       |       |     1 |     2 |       ||     3
       Greater Healing   |       |       |       |     4 |       |     8 ||    12
       Heal Other        |       |       |       |     3 |    19 |       ||    22
       Divine Vigour     |       |       |       |     1 |     4 |       ||     5
Evoke: Wand              |       |       |    20 |    15 |     5 |     3 ||    43
  Use: Scroll            |     3 |     1 |     7 |    11 |    18 |     6 ||    46
       Potion            |       |       |     3 |     7 |     3 |     3 ||    16
 Stab: Sleeping          |     1 |       |     1 |     2 |     1 |     1 ||     6
       Confused          |       |       |       |     3 |       |       ||     3
       Distracted        |       |       |       |       |     2 |       ||     2
       Held in net/web   |       |       |       |       |     2 |       ||     2
  Eat: Chunk             |     9 |     7 |    28 |    61 |   113 |    23 ||   241
       Royal jelly       |       |       |       |       |     4 |       ||     4
Armor: Robe              |    59 |     7 |    62 |    85 |   168 |    18 ||   399
       Skin              |       |       |       |     2 |       |       ||     2
Dodge: Dodged            |    72 |    27 |   113 |   331 |   653 |    80 ||  1276
